 Dungeon Crawl Stone Soup version 0.22-a0-479-gc6e99f3 (webtiles) character file.

217 Laiders72 the Changer (level 5, -2/45 HPs)
             Began as a Draconian Transmuter on June 14, 2018.
             Killed by divine providence
             ... invoked by an orc priest
              (16 damage)
             ... on level 3 of the Dungeon.
             The game lasted 00:11:18 (4196 turns).

Laiders72 the Changer (Draconian Transmuter)        Turns: 4196, Time: 00:11:19

Health: -2/45      AC:  6    Str: 12    XL:     5   Next: 62%
Magic:  7/9        EV: 12    Int: 15    God:
Gold:   62         SH:  0    Dex: 11    Spells: 4/10 levels left

rFire    . . .     SeeInvis .     - Unarmed
rCold    . . .     Gourm    .   (no shield)
rNeg     . . .     Faith    .   (armour unavailable)
rPois    .         Spirit   .   (helmet restricted)
rElec    .         Reflect  .   (no cloak)
rCorr    .         Harm     .   i - +0 pair of gloves
MR       .....                  (no boots)
Stlth    +.........             (no amulet)
HPRegen  0.15/turn              (no ring)
MPRegen  0.11/turn              (no ring)

@: no status effects
A: unfitting armour, cold-blooded, AC +5
a: no special abilities


You were on level 3 of the Dungeon.
You were hungry.

You visited 1 branch of the dungeon, and saw 3 of its levels.

You collected 62 gold pieces.

Inventory:

Missiles
 a - 42 arrows
Armour
 i - a +0 pair of gloves (worn)
Jewellery
 e - an uncursed ring of flight {unknown}
Scrolls
 b - a scroll of enchant armour {unknown}
 d - a scroll of fear {unknown}
 g - 3 scrolls of identify {unknown}
 h - a scroll of magic mapping {unknown}
 k - a scroll of amnesia {unknown}
 l - a scroll of immolation {unknown}
 n - a scroll of teleportation {unknown}
Potions
 f - 2 potions of heal wounds
 j - a potion of agility {unknown}
 m - a potion of curing {unknown}
Comestibles
 c - 4 rations


   Skills:
 + Level 3.0 Fighting
 + Level 1.7 Dodging
 + Level 3.0 Unarmed Combat
 + Level 3.2 Spellcasting
 * Level 4.4 Transmutations
 + Level 0.0 Poison Magic


You had 4 spell levels left.
You knew the following spells:

 Your Spells              Type           Power        Failure   Level  Hunger
a - Beastly Appendage     Tmut           ###...       3%          1    #......
b - Sticks to Snakes      Tmut           ###.....     4%          2    ##.....
c - Spider Form           Tmut/Pois      #.........   24%         3    ###....

Your spell library contained the following spells:

 Spells                   Type           Power        Failure   Level  Hunger
 Blade Hands              Tmut           ###.......   65%         5    ######.
 Ice Form                 Ice/Tmut       #.......     61%         4    #####..


Dungeon Overview and Level Annotations

Branches:
Dungeon (3/15)

Altars:

Annotations:
D:3 1 runed door, Zorot's ghost, amateur DsGl


Innate Abilities, Weirdness & Mutations

Your plain brown scales are hard. (AC +5)
You cannot fit into any form of body armour.
You are cold-blooded and may be slowed by cold attacks.


Message History

The orc priest is heavily wounded.
The orc priest barely misses you.
You barely miss the orc priest.
The orc priest is heavily wounded.
The orc priest mumbles some strange prayers to Beogh against you.
Beogh smites you!
You hit the orc priest.
The orc priest is severely wounded.
The orc priest hits you but does no damage.
You hit the orc priest but do no damage.
You punch the orc priest, but do no damage.
The orc priest is severely wounded.
The orc hits you with a flail.
The orc priest looks satisfied for a moment.
Casting: Spider Form (safe; 24% risk of failure)
Confirm with . or Enter, or press ? or * to list all spells.
You create a snake!
You now have 42 arrows.
The orc completely misses you.
The orc priest calls down the wrath of Beogh upon you.
Beogh smites you!
You die...

♣♣♣♣♣####........####...
#..#.###.#.÷)[....
###.## #.####.#### . ###
#.####.# #. #..[...# #..
#####...# #..######
#.......#### #.......##
#.###.#.....
##.#..o@.####.# #.###..#
###.....o.......# #.#
#..# ........S..######
#.# #..# ##...#...##
##<###... ....
#.##########...###.# ###
#..................#
############...#####
##....... ########


You could see an orc priest, an orc and a friendly ball python.

Vanquished Creatures
  2 orc wizards (D:3)
  A worker ant (D:2)
  A gnoll (D:3)
  2 adders
  An ooze (D:1)
  4 leopard geckos
  6 orcs (D:3)
  12 bats
  5 giant cockroaches
  6 goblins
  5 hobgoblins
  22 jackals
  3 frilled lizards
  10 kobolds
  7 rats
  A plant (D:3)
88 creatures vanquished.

Vanquished Creatures (collateral kills)
  2 jackals (D:3)
2 creatures vanquished.

Grand Total: 90 creatures vanquished

Notes
Turn   | Place    | Note
-------+----------+-------------------------------------------
     0 | D:1      | Laiders72 the Draconian Transmuter began the quest for the Orb.
     0 | D:1      | Reached XP level 1. HP: 16/16 MP: 3/3
   379 | D:1      | Reached XP level 2. HP: 23/23 MP: 3/5
   728 | D:1      | Reached XP level 3. HP: 20/29 MP: 6/6
  1104 | D:1      | Learned a level 2 spell: Sticks to Snakes
  1108 | D:1      | Learned a level 3 spell: Spider Form
  1142 | D:2      | Reached skill level 3 in Transmutations
  1521 | D:2      | Reached XP level 4. HP: 37/37 MP: 7/7
  2547 | D:3      | Found a runed door.
  2630 | D:3      | Reached XP level 5. HP: 22/44 MP: 7/9
  2984 | D:3      | Reached skill level 4 in Transmutations
  3242 | D:3      | Noticed Zorot's ghost (amateur DsGl)
  4196 | D:3      | Killed from afar by an orc priest

Vault maps used:
D:1:      dpeg_arrival_boxes_within_box, serial_glass, glass_columns_c,
          glass_columns_c, roderic_cross_of_infinity, minmay_small_reverse_x
D:2:      first_ration
D:3:      lemuel_castle_with_subvaults, minmay_bisected, uniq_crazy_yiuf_cottage

Skill      XL: |  1  2  3  4  5 |
---------------+----------------+-----
Fighting       | 2 3 |  3.0
Transmutations | 3 4 |  4.4
Spellcasting   | 3 |  3.2
Dodging        | |  1.7
Unarmed Combat | |  3.0

Action                   |  1- 3 |  4- 6 || total
-------------------------+-------+-------++-------
Melee: Unarmed           |   171 |   342 ||   513
       Tailslap          |    17 |    45 ||    62
       Kick              |     5 |     2 ||     7
       Headbutt          |     2 |     4 ||     6
       Punch             |     2 |     3 ||     5
 Cast: Beastly Appendage |     3 |     3 ||     6
       Spider Form       |       |     2 ||     2
       Sticks to Snakes  |       |     2 ||     2
  Use: Potion            |     1 |       ||     1
 Stab: Sleeping          |     1 |     1 ||     2
  Eat: Chunk             |     2 |     9 ||    11
Armor: Skin              |    81 |   119 ||   200
Dodge: Dodged            |   164 |   243 ||   407

Table legend:
 A = Spawn XP
 B = Non-spawn XP
 C = Spawn XP percentage of total XP
 D = Spawn monster count
 E = Non-spawn monster count
 F = Spawn count percentage of total count
 G = Total turns spent on level
                    A         B        C        D         E        F      G
               +---------+---------+-------+---------+---------+-------+---------
         Total |       0 |     311 |   0.0 |       0 |      89 |   0.0 |  4196
               +---------+---------+-------+---------+---------+-------+---------
           D:1 |       0 |      47 |   0.0 |       0 |      25 |   0.0 |  1118
           D:2 |       0 |      84 |   0.0 |       0 |      24 |   0.0 |  1368
           D:3 |       0 |     180 |   0.0 |       0 |      40 |   0.0 |  1710
               +---------+---------+-------+---------+---------+-------+---------
